 Dungeon Crawl Stone Soup version 0.31-a0-1074-g0b22e4e0f1 (webtiles) character file.

Game seed: 10625861867753825424

6054 BigPumpCobain the Grappler (level 10, -12/154 (156) HPs)
             Began as a Troll Shapeshifter on Dec 4, 2023.
             Was a Believer of Qazlal.
             Mangled by a red devil
             ... wielding a +0 trident
             ... summoned by a kobold demonologist
              (13 damage)
             ... on level 10 of the Dungeon.
             The game lasted 00:14:25 (6115 turns).

BigPumpCobain the Grappler (Troll Shapeshifter)     Turns: 6115, Time: 00:14:25

HP:   -12/154 (156) AC: 25    Str: 28      XL:     10   Next: 57%
MP:   9/9           EV:  1    Int:  6      God:    Qazlal [**....]
Gold: 419           SH:  3    Dex:  8 (9)  Spells: 9/9 levels left

rFire   + .          .
                       - Unarmed
rCold   + . .        (no shield)
rNeg    . . .        A - melded +0 ice dragon scales
rPois   +            (helmet currently unavailable)
rElec   +            (cloak currently unavailable)
rCorr   +            (gloves unavailable)
SInv    +            (boots unavailable)
Will    .....        n - amulet of regeneration
Stlth   +            J - ring of see invisible
HPRegen 2.05/turn    (no ring)
MPRegen 0.11/turn

%: no passive effects
@: tree-form, resistant, spiked, lightly drained
A: stationary, stasis, torment immunity, boosted hp, large, unfitting armour,
(claws 3), regeneration 1, (shaggy fur 1), (tough skin 1)
a: Renounce Religion, Upheaval


You were on level 10 of the Dungeon.
You worshipped Qazlal.
Qazlal was pleased with you.
You were a tree.
You visited 2 branches of the dungeon, and saw 11 of its levels.

You collected 419 gold pieces.

Inventory:

Hand Weapons
 a - a +0 hand axe of flaming
 m - a +7 short sword
 u - a +2 dagger of venom
 E - a +2 dagger of draining
 F - a +2 trident of draining
Armour
 p - a scarf of shadows
 A - +0 ice dragon scales (melded)
 I - +0 acid dragon scales
Jewellery
 n - an amulet of regeneration (around neck)
 J - a ring of see invisible (left branch)
Talismans
 c - a beast talisman
 d - a flux talisman
 k - a maw talisman
Wands
 i - a wand of roots (19)
 q - a wand of polymorph (12)
 z - a wand of flame (17)
 D - a wand of digging (4)
Scrolls
 f - a scroll of enchant weapon
 h - 6 scrolls of teleportation
 j - a scroll of immolation
 o - 3 scrolls of blinking
 s - a scroll of fog
 t - 2 scrolls of amnesia
 C - a scroll of revelation
 H - a scroll of summoning
 K - 2 scrolls of identify
Potions
 b - 2 potions of lignification
 e - a potion of resistance
 g - 5 potions of curing
 l - 3 potions of might {unknown}
 r - a potion of cancellation {unknown}
 v - 2 potions of haste {unknown}
 w - a potion of attraction {unknown}
 x - 2 potions of heal wounds {unknown}
 B - a potion of brilliance {unknown}
 G - a potion of mutation {unknown}


   Skills:
 + Level 8.3 Fighting
 - Level 1.5 Dodging
 + Level 10.2 Unarmed Combat
 + Level 8.1 Shapeshifting


You had 9 spell levels left.
You didn't know any spells.
Your spell library contained the following spells:

 Spells                   Type           Power      Damage    Failure   Level
 Kiss of Death            Conj/Necr      0%         2d5       45%         1
 Magic Dart               Conj           0%         1d3       45%         1
 Shock                    Conj/Air       0%         1d3       45%         1
 Ensorcelled Hibernation  Hex/Ice        0%         N/A       58%         2
 Lesser Beckoning         Tloc           0%         N/A       58%         2
 Passwall                 Tmut/Erth      0%         N/A       58%         2
 Searing Ray              Conj           0%         2d4       58%         2
 Confusing Touch          Hex            0%         N/A       83%         3
 Gell's Gravitas          Tloc           0%         N/A       83%         3
 Swiftness                Air            0%         N/A       83%         3
 Teleport Other           Tloc           0%         N/A       83%         3
 Volatile Blastmotes      Fire/Tloc      0%         2d10      83%         3
 Airstrike                Air            0%         2d(0-16)  99%         4
 Dispel Undead            Necr           0%         3d6       99%         4
 Fulminant Prism          Conj/Hex       0%         3d5       99%         4
 Iskenderun's Mystic Bla  Conj/Tloc      0%         2d3       99%         4


Dungeon Overview and Level Annotations

Branches:
Dungeon (10/15)            Temple (1/1) D:4            Lair (0/5) D:8
    Orc: D:9-12

Altars:
Ashenzari
Dithmenos
Fedhas
Gozag
Hepliaklqana
Makhleb
Okawaru
Qazlal
Ru
Sif Muna
Trog
Uskayaw
Vehumet
Wu Jian
Xom
Yredelemnul
Zin
The Shining One


Innate Abilities, Weirdness & Mutations

You are a tree.
Your roots penetrate the ground, keeping you stationary.
You cannot be teleported.
You are immune to unholy pain and torment.
Your maximum health is greatly increased.
Your equipment is partially melded.
You are too large for most types of armour.
((You have claws for hands.))
Your natural rate of healing is unusually fast.
((You are covered in fur. (AC +1)))
((You have tough skin. (AC +1)))


Message History

* * * LOW HITPOINT WARNING * * *
The five-headed hydra bites you but does no damage. x2
The quasit bites you but does no damage.
The quasit claws you but does no damage. x2
The ice devil hits you but does no damage.
The iron imp hits you.
* * * LOW HITPOINT WARNING * * *
You block the red devil's attack.
You feel better.
The quasit bites you but does no damage.
The quasit claws you but does no damage. x2
The five-headed hydra bites you.
* * * LOW HITPOINT WARNING * * *
The five-headed hydra bites you.
* * * LOW HITPOINT WARNING * * *
The five-headed hydra bites you but does no damage.
The five-headed hydra bites you.
* * * LOW HITPOINT WARNING * * *
The five-headed hydra bites you.
* * * LOW HITPOINT WARNING * * *
The ice devil hits you but does no damage.
The red devil hits you but does no damage.
Okay, then.
As you read the scroll of torment, it crumbles to dust.
You feel a surge of unholy energy.
The five-headed hydra convulses!
The kobold demonologist convulses!
The quasit bites you but does no damage.
The quasit claws you but does no damage. x2
The iron imp hits you but does no damage.
The five-headed hydra bites you.
* * * LOW HITPOINT WARNING * * *
The five-headed hydra bites you but does no damage.
The five-headed hydra bites you.
* * * LOW HITPOINT WARNING * * *
You block the five-headed hydra's attack.
The five-headed hydra bites you.
* * * LOW HITPOINT WARNING * * *
The ice devil hits you but does no damage.
The red devil hits you from afar with a +0 trident!
You die...

'########+### .#
#.....### .#
#.#.#.#.## .##
#.._..#..## <.#
#.#.#.##}.# #.###
#.....###.#####
....#####'###.......#
....#.....††.....5..#
......####.†....♣5..#
....### #..####D4###
....# #.## #K4# .####
#.. #.5..# . ##.
#......# . ..+......+
#.+......+ #......#
$#....#?


You could see a five-headed hydra, an ice devil (summoned), a kobold
demonologist, a red devil (summoned), an iron imp (summoned) and 2 quasits.

Vanquished Creatures
  Joseph (D:8)
  Jeremiah (D:7)
  A komodo dragon (D:8)
  Grinder (D:4)
  Sigmund (D:3)
  4 yaks (D:10)
  A wyvern (D:8)
  3 steam dragons
  An acid dragon (D:8)
  A sky beast (D:8)
  A black bear (D:4)
  3 orc warriors
  2 ice beasts (D:6)
  2 centaurs (D:6)
  2 ogres
  A phantom (D:6)
  6 kobold brigands
  5 bullfrogs
  5 scorpions
  7 wights
  5 howler monkeys
  3 orc priests (D:9)
  7 hounds
  A jelly (D:5)
  Ijyb (D:3)
  4 sleepcaps
  6 iguanas
  Natasha (thrice) (D:2)
  5 orc wizards
  Robin (D:3)
  6 adders
  2 ufetubi (D:7)
  2 worms
  6 dart slugs
  22 orcs
  4 bats
  7 endoplasms
  6 giant cockroaches
  10 hobgoblins
  29 kobolds
  2 quokkas (D:2)
  8 ball pythons
  3 frilled lizards
  8 goblins
  5 rats
205 creatures vanquished.

Notes
Turn   | Place    | Note
-------+----------+-------------------------------------------
     0 | D:1      | BigPumpCobain the Troll Shapeshifter began the quest for
                  | the Orb.
     0 | D:1      | Reached XP level 1. HP: 18/18 MP: 0/0
   107 | D:1      | Reached skill level 1 in Fighting
   120 | D:1      | Reached XP level 2. HP: 26/27 MP: 1/1
   761 | D:2      | Reached XP level 3. HP: 35/35 MP: 2/2
  1141 | D:2      | Noticed Natasha
  1154 | D:2      | Killed Natasha
  1155 | D:2      | Reached skill level 4 in Unarmed Combat
  1155 | D:2      | Reached XP level 4. HP: 12/44 MP: 3/3
  1243 | D:2      | Noticed Natasha
  1249 | D:2      | Killed Natasha
  1304 | D:2      | Noticed Natasha
  1312 | D:2      | Killed Natasha
  1354 | D:3      | Reached XP level 5. HP: 52/52 MP: 4/4
  1355 | D:3      | Noticed Sigmund
  1362 | D:3      | Killed Sigmund
  1363 | D:3      | Reached skill level 5 in Unarmed Combat
  1363 | D:3      | Reached XP level 6. HP: 55/61 MP: 5/5
  1386 | D:3      | Found a glowing silver altar of Zin.
  1421 | D:3      | Noticed Ijyb
  1431 | D:3      | Killed Ijyb
  1757 | D:3      | Noticed Robin
  1762 | D:3      | Killed Robin
  1916 | D:4      | Noticed Grinder
  1916 | D:4      | Found a staircase to the Ecumenical Temple.
  1926 | D:4      | Killed Grinder
  1927 | D:4      | Reached skill level 6 in Unarmed Combat
  1927 | D:4      | Reached XP level 7. HP: 51/71 MP: 6/6
  2155 | D:4      | Found a burning altar of Makhleb.
  2255 | D:4      | Reached skill level 5 in Fighting
  2545 | Temple   | Entered the Ecumenical Temple
  2566 | Temple   | Became a worshipper of Qazlal Stormbringer
  2602 | D:5      | Entered Level 5 of the Dungeon
  2630 | D:5      | Reached XP level 8. HP: 80/80 MP: 7/7
  2705 | D:5      | Reached skill level 7 in Unarmed Combat
  3309 | D:6      | Reached skill level 5 in Shapeshifting
  3514 | D:6      | Reached skill level 8 in Unarmed Combat
  3521 | D:6      | Reached XP level 9. HP: 19/89 MP: 8/8
  3618 | D:6      | Found an ornate altar of the Wu Jian Council.
  4162 | D:7      | Reached * piety under Qazlal
  4442 | D:7      | Noticed Jeremiah
  4463 | D:7      | Killed Jeremiah
  4730 | D:8      | Found a hazy altar of Hepliaklqana.
  4739 | D:8      | Reached skill level 9 in Unarmed Combat
  4890 | D:8      | Found a staircase to the Lair.
  4891 | D:8      | Noticed a komodo dragon
  4912 | D:8      | Killed a komodo dragon
  4953 | D:8      | Reached XP level 10. HP: 99/102 MP: 9/9
  4970 | D:8      | Noticed Joseph
  4980 | D:8      | Killed Joseph
  5287 | D:9      | Found a radiant altar of Vehumet.
  5314 | D:9      | Reached ** piety under Qazlal
  5679 | D:9      | Reached skill level 10 in Unarmed Combat
  6027 | D:10     | Entered Level 10 of the Dungeon
  6077 | D:10     | Found a shadowy altar of Dithmenos.
  6096 | D:10     | Noticed a five-headed hydra
  6115 | D:10     | HP: 7/154 [five-headed hydra (4)]
  6115 | D:10     | HP: 1/154 [five-headed hydra (4)]
  6115 | D:10     | Mangled by a red devil

Illustrated notes

Levels and vault maps discovered:
D:1:      kilobyte_arrival_exit_the_forest, layout_basic, minmay_distorted
D:2:      layout_loops_ring, uniq_natasha
D:3:      layout_basic, lemuel_doored_altar, nicolae_overflow_hidden_temple,
          uniq_sigmund, uniq_ijyb, uniq_robin
D:4:      layout_cave_pools, makhleb_heckhound_becter,
          minmay_temple_entry_junction, uniq_grinder
D:5:      layout_basic, dreamdust_princess_bridge,
          chequers_serial_rivers_small_a
D:6:      layout_basic, mainiacjoe_overflow_24_doors,
          minmay_fractal_squares_diagonal_5
D:7:      layout_basic, st_stairs_2, uniq_jeremiah
D:8:      hellmonk_crumbling_castle, layout_basic,
          mainiacjoe_overflow_concentric_impassable, david_lair_shrubbed,
          uniq_joseph
D:9:      layout_basic, lemuel_tele_altar, serial_curves, eino_curves_02,
          eino_curves_03, eino_curves_03, corexii_hall_statues_u
D:10:     layout_roguey, kennysheep_little_box, serial_shops, shop,
          lightli_fourway_metalbox, uniq_lodul
Temple:   nicolae_temple_slightly_damp_pantheon

Skill      XL: |  1  2  3  4  5  6  7  8  9 10 |
---------------+-------------------------------+-----
Fighting       | 1 2 3 4 5 6 7 8 |  8.3
Unarmed Combat | 4 5 6 8 9 10 | 10.2
Shapeshifting  | 4 5 7 8 |  8.1
Dodging        | |  1.5

Action                     |  1- 3 |  4- 6 |  7- 9 | 10-12 || total
---------------------------+-------+-------+-------+-------++-------
  Melee: Unarmed           |    61 |    72 |   247 |   132 ||   512
         Punch             |     2 |     2 |    12 |     7 ||    23
         Short sword       |    11 |     1 |       |       ||    12
 Invoke: Upheaval          |       |       |       |     1 ||     1
  Evoke: Wand              |       |       |     1 |       ||     1
    Use: Scroll            |     6 |       |     6 |     3 ||    15
         Potion            |       |       |     3 |     4 ||     7
   Stab: Sleeping          |     1 |     1 |       |       ||     2
 Armour: Animal skin       |    45 |    39 |   142 |       ||   226
         Skin              |       |       |    21 |    62 ||    83
         Ice dragon scales |       |       |    67 |   112 ||   179
  Dodge: Dodged            |    25 |    26 |   122 |    41 ||   214
  Block: Other             |       |       |     4 |    13 ||    17

Table legend: (Time is in decaauts)
 A = Elapsed time spent in this place.
 B = Non-inter-level travel time spent in this place.
 C = Inter-level travel time spent in this place.
 D = Time resting spent in this place.
 E = Time spent auto-exploring this place.
 F = Levels seen in this place.
 G = Mean time per level.
                   A        B        C        D        E       F      G
               +--------+--------+--------+--------+--------+-----+--------+
         Total |   6050 |   5805 |    245 |    202 |   4496 |  11 |  550.0 |
       Dungeon |   6009 |   5804 |    205 |    202 |   4496 |  10 |  600.9 |
        Temple |     40 |      1 |     39 |      0 |      0 |   1 |   40.0 |
               +--------+--------+--------+--------+--------+-----+--------+

Top non-repeatable levels by time:
     D:7: 821 daAuts
     D:9: 743 daAuts
     D:1: 674 daAuts
     D:2: 658 daAuts
     D:4: 637 daAuts
     D:6: 637 daAuts
     D:5: 595 daAuts
     D:3: 580 daAuts
     D:8: 578 daAuts
    D:10: 82 daAuts
  Temple: 40 daAuts
